 Dungeon Crawl Stone Soup version 0.28.0-53-g5a82cb258f (webtiles) character file.

Game seed: 17134250547173014954

95 moldycheese5 the Skirmisher (level 4, -1/36 HPs)
             Began as a Demonspawn Abyssal Knight on June 17, 2022.
             Was a Follower of Lugonu.
             Succumbed to a kobold's poison
             ... on level 2 of the Dungeon.
             The game lasted 00:05:46 (2786 turns).

moldycheese5 the Skirmisher (DsAK)                  Turns: 2786, Time: 00:05:47

Health: -1/36      AC:  6    Str: 15    XL:     4   Next: 39%
Magic:  6/6        EV: 10    Int: 12    God:    Lugonu [*.....]
Gold:   28         SH:  0    Dex: 13    Spells: 3/3 levels left

rFire   . . .      SeeInvis .   a - +1 falchion
rCold   . . .      Faith    .   (no shield)
rNeg    . . .      Spirit   .   d - +0 ring mail
rPois   .          Reflect  .   (no helmet)
rElec   .          Harm     .   (no cloak)
rCorr   .          Rampage  .   (no gloves)
Will    +....                   (no boots)
Stlth   +.........              g - amulet of the acrobat
HPRegen 0.12/turn               f - ring of willpower
MPRegen 0.10/turn               (no ring)

@: lethally poisoned (-1 -> -4)
A: sharp scales 1
a: Renounce Religion, Depart the Abyss


You were on level 2 of the Dungeon.
You worshipped Lugonu.
Lugonu was aware of your devotion.
You visited 1 branch of the dungeon, and saw 3 of its levels.
You visited the Abyss 1 time.

You collected 56 gold pieces.
You spent 28 gold pieces at shops.

Inventory:

Hand Weapons
 a - a +1 falchion (weapon)
Armour
 b - a +0 leather armour
 d - a +0 ring mail (worn)
Jewellery
 f - a ring of willpower (left hand)
 g - an amulet of the acrobat (around neck)
Scrolls
 c - a scroll of immolation
Potions
 e - a potion of heal wounds {unknown}


   Skills:
 + Level 3.6 Fighting
 + Level 2.7 Long Blades
 + Level 2.4 Armour
 + Level 1.5 Dodging
 + Level 0.7 Stealth
 + Level 2.8 Invocations


You had 3 spell levels left.
You didn't know any spells.
Your spell library was empty.

Dungeon Overview and Level Annotations

Branches:
Dungeon (3/15)

Altars:

Shops:
D:1 [   D:2 ?

Annotations:
D:2 Jessica


Innate Abilities, Weirdness & Mutations

You are partially covered in razor-sharp scales. (AC +1, Slay +1)


Message History

The orc completely misses you.
Items here: )) [[ †.
You hit the orc.
The orc is heavily wounded.
The orc hits you but does no damage.
You hit the orc.
You kill the orc!
Lugonu accepts your kill.
Things that are here:
a +0 club; an orc corpse
There is a stone staircase leading down here.
You climb downwards.
Level annotation: Jessica Jessica barely misses you.
The kobold throws a poisoned dart.
The poisoned dart hits you!
You are poisoned.
Jessica hits you with a +0 club.
There is a stone staircase leading up, spattered with blood here.
You hit Jessica.
Jessica is heavily wounded.
You feel sick.
The orc wizard gestures at you while chanting.
The magic dart hits you!
Jessica zaps a wand.
The puff of flame hits you!
* * * LOW HITPOINT WARNING * * *
You hit Jessica.
Jessica is heavily wounded.
You feel sick.
The kobold hits you with a +0 short sword.
* * * LOW HITPOINT WARNING * * *
Jessica misses you.
The kobold hits you with a +0 short sword.
* * * LOW HITPOINT WARNING * * *
* * * LOW HITPOINT WARNING * * *
You feel sick.
The orc wizard hits you but does no damage.
Jessica hits you with a +0 club.
* * * LOW HITPOINT WARNING * * *
The kobold closely misses you.
You climb upwards.
You die...

#........# #.....#.## #.##
#..()....# ##...#.## #.##
#######.## ##.#### #.†. #.# #.#
#### #.####### #.# # ## #.......#
##'## # .# #..####.###...## # .#
#....##o##.....## ### .#
##.#.##@#.......## ##.#
.#########....##@K........####.).
..................>.......+..^...
.#########....###.........####...
.# ##.#.# ##.......## ##.# .#
####.#####.....## ### .#
#.......###...## .## #.##.##.#
##+## ..# #.##.##.####.#


You could see an orc wizard, Jessica and a kobold.

Vanquished Creatures
  3 adders (D:2)
  A gnoll (D:1)
  A worm (D:2)
  A dart slug (D:1)
  3 orcs (D:2)
  A ball python (D:1)
  3 endoplasms
  2 giant cockroaches
  4 goblins
  5 hobgoblins
  4 jackals (D:2)
  3 quokkas
  A bat (D:1)
  3 frilled lizards
  6 kobolds
  6 rats
47 creatures vanquished.

Vanquished Creatures (others)
  An orc (D:3)
1 creature vanquished.

Grand Total: 48 creatures vanquished

Notes
Turn   | Place    | Note
-------+----------+-------------------------------------------
     0 | Abyss:1  | moldycheese5 the Demonspawn Abyssal Knight began the quest
                  | for the Orb.
     0 | Abyss:1  | Reached XP level 1. HP: 18/18 MP: 2/2
     0 | D:1      | Escaped the Abyss
    88 | D:1      | Reached skill level 1 in Dodging
   266 | D:1      | Reached * piety under Lugonu
   270 | D:1      | Gained mutation: You are partially covered in razor-sharp
                  | scales. (AC +1, Slay +1) [demonic ancestry]
   270 | D:1      | Reached XP level 2. HP: 20/24 MP: 4/4
   565 | D:1      | Found Qiomor's Antique Armour Shop.
   975 | D:2      | Reached XP level 3. HP: 29/29 MP: 5/5
  1747 | D:2      | Reached XP level 4. HP: 28/36 MP: 6/6
  2064 | D:2      | Found a faded altar of an unknown god.
  2265 | D:2      | Found Fowkoqag's Magic Scroll Shoppe.
  2269 | D:2      | Bought a scroll of identify for 28 gold pieces
  2755 | D:3      | Noticed Jessica
  2785 | D:3      | HP: 1/36 [Jessica/+0 club (1)]
  2786 | D:2      | Succumbed to a kobold's poison

Illustrated notes

Levels and vault maps discovered:
D:1:      minmay_arrival_three_doors, layout_loops_ring, serial_shops,
          nicolae_shop_statue_plus, minivault_26
D:2:      layout_loops_corners, ebering_ecumenical_altar_abandoned,
          serial_shops, shop
D:3:      layout_loops_corners, st_stairs_10, kennysheep_generic_room_16,
          uniq_jessica

Skill      XL: |  1  2 |
---------------+-------+-----
Dodging        | 1 |  1.5
Long Blades    | 2 |  2.7
Armour         | 2 |  2.4
Fighting       | |  3.6
Stealth        | |  0.7
Invocations    | |  2.8

Action                   |  1- 3 |  4- 6 || total
-------------------------+-------+-------++-------
Melee: Falchion          |   108 |    54 ||   162
       Punch             |     1 |       ||     1
Invok: Depart the Abyss  |     1 |       ||     1
  Use: Scroll            |       |     1 ||     1
 Stab: Sleeping          |     2 |       ||     2
Armor: Leather armour    |    14 |       ||    14
       Ring mail         |    33 |    27 ||    60
Dodge: Dodged            |    62 |    32 ||    94
